 Seeded DCSS version 0.28-a0-726-g4a9143789a (webtiles) character file.

Game seed: 12305346535932778527 (custom seed)

446 cheechan the Chopper (level 7, -4/66 HPs)
             Began as a Naga Chaos Knight on Oct 27, 2021.
             Slain by a flying skull (8 damage)
             ... created by the anger of Yredelemnul
             ... on level 3 of the Dungeon.
             The game lasted 00:09:31 (1971 turns).

cheechan the Chopper (Naga Chaos Knight)            Turns: 1971, Time: 00:09:31

Health: -4/66      AC: 11    Str: 14 (17) XL:     7   Next: 3%
Magic:  7/7        EV:  9    Int: 12      God:
Gold:   50         SH:  0    Dex: 10      Spells: 5/6 levels left

rFire   . . .      SeeInvis +   m - +3 flail (vorpal)
rCold   + . .      Faith    .   (no shield)
rNeg    . . .      Spirit   .   b - +3 leather armour
rPois   +          Reflect  .   (no helmet)
rElec   .          Harm     .   (no cloak)
rCorr   .          Rampage  .   (no gloves)
Will    .....      Clarity  +   (no barding)
Stlth   +.........              (no amulet)
HPRegen 1.21/turn               j - ring of protection from cold
MPRegen 0.10/turn               (no ring)

@: very slow
A: AC +2, large, see invisible, deformed body, poison resistance, slowness 2,
spit poison 2, naga tail 1, iridescent scales 2, clarity, regeneration 1,
screaming 1, wild magic 1, MP-powered wands
a: Breathe Poison Gas


You were on level 3 of the Dungeon.
You visited 1 branch of the dungeon, and saw 4 of its levels.

You collected 50 gold pieces.

Inventory:

Hand Weapons
 a - a +0 hand axe of chaos
 m - a +3 vorpal flail (weapon)
 n - a +0 scythe
Missiles
 e - 33 arrows
 g - 34 sling bullets
 i - 44 stones
 k - 4 boomerangs
Armour
 b - a +3 leather armour (worn)
Jewellery
 j - a ring of protection from cold (left hand)
Potions
 c - 4 potions of curing {unknown}
 f - 2 potions of degeneration {unknown}
 h - a potion of might {unknown}
 l - a potion of attraction {unknown}


   Skills:
 + Level 4.3 Fighting
 + Level 5.7 Axes
 + Level 2.7 Armour
 + Level 1.8 Dodging
 + Level 2.0 Stealth


You had 5 spell levels left.
You knew the following spells:

 Your Spells              Type           Power      Damage    Failure   Level
a - Pain                  Necr           0%         1d4       47%         1

Your spell library contained the following spells:

 Spells                   Type           Power      Damage    Failure   Level
 Animate Skeleton         Necr           0%         N/A       47%         1
 Apportation              Tloc           0%         N/A       47%         1
 Vampiric Draining        Necr           0%         2d6       83%         3
 Alistair's Intoxication  Tmut/Pois      0%         N/A       100%        5
 Invisibility             Hex            0%         N/A       100%        6


Dungeon Overview and Level Annotations

Branches:
Dungeon (4/15)
 Temple: D:4-7

Altars:
Gozag
Vehumet
Yredelemnul
The Shining One


Innate Abilities, Weirdness & Mutations

Your serpentine skin is tough. (AC +2)
You have supernaturally acute eyesight. (SInv)
Armour fits poorly on your strangely shaped body.
Your system is resistant to poisons. (rPois)
You cover ground very slowly.
You can exhale a cloud of poison.
You have a snake-like lower body.
You are mostly covered in iridescent scales. (AC +4)
You possess an exceptional clarity of mind.
Your natural rate of healing is unusually fast.
You occasionally shout uncontrollably at your foes.
Your spells are a little harder to cast, but a little more powerful.
You expend magic power (3 MP) to strengthen your wands.


Message History

It was a potion of heal wounds.
You feel much better. The flying skull hits you.
The flying skull hits you but does no damage.
The flying skull hits you.
You hit the flying skull.
The flying skull is almost destroyed.
The flying skull hits you but does no damage. x3
The flying skull barely misses you.
The flying skull hits you but does no damage. x2
You hit the flying skull but do no damage.
The flying skull is almost destroyed.
The flying skull barely misses you. x2
The flying skull hits you but does no damage. x2
The flying skull barely misses you. x2
You barely miss the flying skull.
The flying skull is almost destroyed.
The flying skull hits you. x3
* * * LOW HITPOINT WARNING * * *
The flying skull hits you.
* * * LOW HITPOINT WARNING * * *
The flying skull closely misses you. The flying skull barely misses you.
You feel much better. The flying skull hits you. x2
An endoplasm comes into view.
The flying skull hits you but does no damage.
The endoplasm quivers.
You hit the flying skull.
The flying skull is almost destroyed.
The flying skull hits you! The flying skull hits you.
* * * LOW HITPOINT WARNING * * *
The flying skull hits you.
* * * LOW HITPOINT WARNING * * *
The flying skull closely misses you.
The flying skull hits you but does no damage.
The flying skull hits you!
* * * LOW HITPOINT WARNING * * *
You miss the flying skull.
The flying skull is almost destroyed.
The flying skull hits you!
You die...
Xom laughs nastily!

# .#..[ .#. ....# ....
.... #....##..#
#........###
#...#......#
#...#.#..#.# # #####
#.....#.J#z##.#####
#....
#....รท.Vz@zz......
#..##
##.#.#.##.##########
###..#. #.##.......#
###......
#...#.###.###.#
#.......#
###...##.#.####.##
#.#.#.... #.......#>##
#...# #..#.....
........###
#...########.###.#.#
.......
#.........##..#....#
#...#
#####....####.##.......#


You could see a vampire, 4 flying skulls and an endoplasm.

Vanquished Creatures
  Sigmund (D:4)
  Edmund (D:4)
  An ogre (D:4)
  A jelly (D:4)
  An adder (D:4)
  A dart slug (D:2)
  6 endoplasms
  2 giant cockroaches (D:3)
  3 goblins
  5 hobgoblins
  2 jackals (D:1)
  2 quokkas
  2 ball pythons
  6 bats
  2 frilled lizards
  6 kobolds
  2 rats
44 creatures vanquished.

Notes
Turn   | Place    | Note
-------+----------+-------------------------------------------
     0 | D:1      | cheechan the Naga Chaos Knight began the quest for the Orb.
     0 | D:1      | Reached XP level 1. HP: 21/21 MP: 1/1
   216 | D:1      | XOM: silly message
   220 | D:1      | Reached XP level 2. HP: 13/28 MP: 2/2
   274 | D:1      | XOM is BORED!
   274 | D:1      | XOM: give mutations
   274 | D:1      | Gained mutation: You possess an exceptional clarity of
                  | mind. [Xom's mischief]
   274 | D:1      | Gained mutation: You occasionally shout uncontrollably at
                  | your foes. [Xom's mischief]
   309 | D:1      | Learned a level 1 spell: Pain
   461 | D:1      | XOM: give mutations
   461 | D:1      | Gained mutation: You have hidden genetic potential. [Xom's
                  | grace]
   461 | D:1      | Gained mutation: You are partially covered in iridescent
                  | scales. (AC +2) [Xom's grace]
   461 | D:1      | Gained mutation: You are mostly covered in iridescent
                  | scales. (AC +4) [Xom's grace]
   461 | D:1      | Gained mutation: You can exhale a cloud of poison. [Xom's
                  | grace]
   484 | D:1      | Reached skill level 1 in Dodging
   513 | D:1      | XOM: noise
   554 | D:1      | XOM: enchant monster (bad)
   761 | D:2      | Found a glowing golden altar of the Shining One.
   779 | D:2      | Reached XP level 3. HP: 27/34 MP: 3/3
   796 | D:2      | Found a faded altar of an unknown god.
   804 | D:2      | Prayed at the altar of an unknown god.
   804 | D:2      | Fell from the grace of Xom
   804 | D:2      | Became a worshipper of Yredelemnul the Dark
   804 | D:2      | Reached * piety under Yredelemnul
   805 | D:2      | Fell from the grace of Yredelemnul
  1000 | D:2      | Gained mutation: Your natural rate of healing is unusually
                  | fast. [hidden potential]
  1428 | D:4      | Reached skill level 4 in Axes
  1428 | D:4      | Reached XP level 4. HP: 38/43 MP: 4/4
  1433 | D:4      | Gained mutation: Your spells are a little harder to cast,
                  | but a little more powerful. [hidden potential]
  1433 | D:4      | Lost mutation: You have hidden genetic potential. [hidden
                  | potential expressed]
  1501 | D:4      | Noticed an ogre
  1502 | D:4      | Found a radiant altar of Vehumet.
  1509 | D:4      | Killed an ogre
  1510 | D:4      | Reached skill level 1 in Stealth
  1510 | D:4      | Reached XP level 5. HP: 37/50 MP: 5/5
  1521 | D:4      | Found an opulent altar of Gozag.
  1664 | D:4      | XOM: give mutation
  1664 | D:4      | Gained mutation: You expend magic power (3 MP) to
                  | strengthen your wands. [Xom's grace]
  1716 | D:4      | Noticed Edmund
  1719 | D:4      | Noticed Sigmund
  1739 | D:4      | Killed Edmund
  1740 | D:4      | Reached skill level 5 in Axes
  1740 | D:4      | Reached XP level 6. HP: 14/57 MP: 6/6
  1754 | D:4      | Killed Sigmund
  1755 | D:4      | Reached XP level 7. HP: 31/66 MP: 7/7
  1871 | D:2      | XOM: stat loss: -3 Str (14/17)
  1958 | D:3      | Noticed a flying skull
  1958 | D:3      | Noticed a flying skull
  1958 | D:3      | Noticed a flying skull
  1958 | D:3      | Noticed a flying skull
  1958 | D:3      | Noticed a vampire
  1970 | D:3      | HP: 3/66 [flying skull[the anger of Yredelemnul] (9)]
  1971 | D:3      | Slain by a flying skull

Illustrated notes

Levels and vault maps discovered:
D:1:      nagdon_arrival_zigzag_paths, layout_basic
D:2:      layout_loops_cross, hellmonk_ecumenical_altar_blasted, basic_altar,
          serial_bayou_crossing
D:3:      layout_loops_cross, amcnicky_mini_corridor_feature,
          serial_bayou_pond_a, hangedman_glass_teeth
D:4:      layout_loops_ring, mainiacjoe_overflow_large_starburst,
          minmay_temple_entry_ruins, nrook_loot_triangle,
          kennysheep_big_empty_room, chequers_serial_rivers_large_b,
          hangedman_decor_slide_cut, sigmund_edmund_badplayer

Skill      XL: |  1  2  3  4  5  6 |
---------------+-------------------+-----
Dodging        | 1 |  1.8
Axes           | 4 5 |  5.7
Armour         | 2 |  2.7
Stealth        | 1 2 |  2.0
Fighting       | 4 |  4.3

Action                   |  1- 3 |  4- 6 |  7- 9 || total
-------------------------+-------+-------+-------++-------
Melee: Hand axe          |    81 |    40 |       ||   121
       Flail             |       |       |    18 ||    18
Invok: Renounce Religion |     1 |       |       ||     1
 Abil: Spit Poison       |     2 |       |       ||     2
       Breathe Poison Ga |     4 |     3 |     1 ||     8
  Use: Scroll            |       |     3 |     1 ||     4
       Potion            |       |       |     2 ||     2
Armor: Leather armour    |    54 |    17 |    29 ||   100
Dodge: Dodged            |    52 |    19 |    21 ||    92

Table legend: (Time is in decaauts)
 A = Elapsed time spent in this place.
 B = Non-inter-level travel time spent in this place.
 C = Inter-level travel time spent in this place.
 D = Time resting spent in this place.
 E = Time spent auto-exploring this place.
 F = Levels seen in this place.
 G = Mean time per level.
                   A        B        C        D        E       F      G
               +--------+--------+--------+--------+--------+-----+--------+
         Total |   2680 |   2680 |      0 |     53 |      0 |   4 |  670.0 |
       Dungeon |   2680 |   2680 |      0 |     53 |      0 |   4 |  670.0 |
               +--------+--------+--------+--------+--------+-----+--------+

Top non-repeatable levels by time:
     D:1: 1005 daAuts
     D:3: 604 daAuts
     D:2: 576 daAuts
     D:4: 494 daAuts
